 Dungeon Crawl Stone Soup version 0.18.1-8-gdd0e5ea (webtiles) character file.

202 nikopol the Poker (level 5, -1/70 HPs)
             Began as a Minotaur Berserker on June 4, 2016.
             Was a Priest of Trog.
             Slain by a hobgoblin
             ... wielding a +0 club
             ... led by Robin
              (3 damage)
             ... on level 4 of the Dungeon.
             The game lasted 00:04:51 (2739 turns).

nikopol the Poker (Minotaur Berserker)              Turns: 2739, Time: 00:04:52

Health: -1/70      AC:  3    Str: 27    XL:     5   Next: 50%
Magic:  4/4        EV: 12    Int:  4    God:    Trog [***...]
Gold:   195        SH:  0    Dex: 10    Spells: 0 memorised, 4 levels left

rFire  . . .     SeeInvis .     w - +0 trident
rCold  + . .     Gourm    .     q - +0 leather armour
rNeg   . . .     Faith    .     (no shield)
rPois  .         Spirit   .     (helmet restricted)
rElec  .         Dismiss  .     (no cloak)
rCorr  .         Reflect  .     (no gloves)
SustAt +         Harm     .     (no boots)
MR     .....                    (no amulet)
Stlth  ..........               r - ring of protection from cold
                                C - ring of sustain attributes

@: berserking, very quick, not resistant to hostile enchantments, extremely
unstealthy
A: retaliatory headbutt, horns 2
a: Berserk, Trog's Hand, Burn Spellbooks, Renounce Religion


You were on level 4 of the Dungeon.
You worshipped Trog.
Trog was most pleased with you.
You were not hungry.

You visited 1 branch of the dungeon, and saw 4 of its levels.

You collected 195 gold pieces.

Inventory:

Hand Weapons
 a - a +0 spear
 w - a +0 trident (weapon)
Armour
 b - a +0 animal skin
 q - a +0 leather armour (worn)
Jewellery
 p - an uncursed ring of ice
 r - a ring of protection from cold (right hand)
 C - a ring of sustain attributes (left hand)
Scrolls
 d - 2 scrolls of teleportation {unknown}
 e - a scroll of fear {unknown}
 f - 2 scrolls of fog {unknown}
 i - 2 scrolls of random uselessness {unknown}
 j - a scroll of recharging {unknown}
 l - 2 scrolls of identify {unknown}
 x - a scroll of magic mapping {unknown}
 y - a scroll of enchant weapon {unknown}
 z - a scroll of noise {unknown}
Potions
 g - a potion of ambrosia {unknown}
 h - a potion of heal wounds {unknown}
 o - 2 potions of might {unknown}
 s - a potion of degeneration {unknown}
 t - a potion of magic {unknown}
 u - a potion of agility {unknown}
 A - a potion of cure mutation {unknown}
Books
 v - a book of Changes

   Spells                             Type                      Level
   a - Beastly Appendage              Transmutation                1
   b - Sticks to Snakes               Transmutation                2
   c - Spider Form                    Transmutation/Poison         3
   d - Ice Form                       Ice/Transmutation            4
   e - Blade Hands                    Transmutation                5
   Trog disapproves of the use of such an item.
Comestibles
 c - 2 bread rations
 k - 4 slices of pizza
 m - a meat ration
 n - a royal jelly
 B - 4 chunks of flesh


   Skills:
 + Level 4.8 Fighting
 + Level 4.9 Polearms
 + Level 4.0 Armour
 + Level 3.7 Dodging


You had 4 spell levels left.
You didn't know any spells.

Dungeon Overview and Level Annotations

Branches:
Dungeon (4/15)             Temple (0/1) D:4

Altars:
Elyvilon
Kikubaaqudgha
Qazlal
Sif Muna
Trog
Yredelemnul

Annotations:
D:4 Robin


Innate Abilities, Weirdness & Mutations

You reflexively headbutt those who attack you in melee.
You have a pair of horns on your head.


Message History

Robin barely misses you. The hobgoblin barely misses you.
The hobgoblin hits you with a club.
* * * LOW HITPOINT WARNING * * *
Some of the chunks of flesh in your inventory have rotted away.
You puncture the hobgoblin!
You kill the hobgoblin!
Trog accepts your kill. The hobgoblin hits you with a club.
* * * LOW HITPOINT WARNING * * *
The gnoll hits you from afar with a halberd.
* * * LOW HITPOINT WARNING * * *
Robin hits you from afar with a spear.
* * * LOW HITPOINT WARNING * * *
You puncture the worker ant!
The worker ant is severely wounded.
The hobgoblin no longer looks unusually strong.
The hobgoblin hits you.
* * * LOW HITPOINT WARNING * * *
The hobgoblin hits you with a club.
You die...

#........ ......
#....... .....
+...... ...g #.....#
#####..
##.....####.##...##
............#.....#
..>.........#%.ggg#
............#.)†ag#
.....)......#..g@g#
............#.....#
†...........#.....##
##'###.####.####...#
#...#######.##..####
#...+............#
#...#............#
#...#............#
#...#............#


You could see a worker ant, Robin, a gnoll, 3 hobgoblins and a goblin.

Vanquished Creatures
  An orc priest (D:3)
  Terence (D:2)
  2 gnolls (D:4)
  2 adders (D:2)
  An ooze (D:1)
  3 worms
  3 dart slugs (D:1)
  2 giant geckos
  10 orcs
  A ball python (D:3)
  10 bats
  3 giant cockroaches
  11 goblins
  6 hobgoblins
  6 jackals (D:3)
  A quokka (D:4)
  4 giant newts
  6 kobolds
  2 quokka skeletons (D:4)
  8 rats (D:2)
83 creatures vanquished.

Notes
Turn   | Place    | Note
--------------------------------------------------------------
     0 | D:1      | nikopol the Minotaur Berserker began the quest for the Orb.
     0 | D:1      | Reached XP level 1. HP: 19/19 MP: 0/0
    93 | D:1      | Reached XP level 2. HP: 23/27 MP: 1/1
   410 | D:1      | Reached ** piety under Trog
   454 | D:1      | Reached XP level 3. HP: 33/33 MP: 2/2
   840 | D:2      | Noticed Terence
   846 | D:2      | Killed Terence
   846 | D:2      | Reached XP level 4. HP: 40/40 MP: 3/3
  1211 | D:2      | Found a stormy altar of Qazlal.
  1299 | D:2      | Found an ancient bone altar of Kikubaaqudgha.
  1553 | D:2      | Found a deep blue altar of Sif Muna.
  1553 | D:2      | Found a white marble altar of Elyvilon.
  1554 | D:2      | Found a basalt altar of Yredelemnul.
  1561 | D:2      | Found a bloodstained altar of Trog.
  1852 | D:3      | Found a faded altar to an unknown god.
  2268 | D:3      | Reached *** piety under Trog
  2268 | D:3      | Reached XP level 5. HP: 40/47 MP: 4/4
  2680 | D:4      | Found a staircase to the Ecumenical Temple.
  2722 | D:4      | Noticed Robin
  2739 | D:4      | HP: 2/70 [hobgoblin[Robin] (2)]
  2739 | D:4      | Slain by a hobgoblin

Skill      XL: |  1  2  3  4  5 |
---------------+----------------+-----
Polearms       | 4 |  4.9
Fighting       | 4 |  4.8
Armour         | 3 4 |  4.0
Dodging        | 3 |  3.7

Action                   |  1- 3 |  4- 6 || total
-------------------------+-------+-------++-------
Melee: Spear             |    86 |    21 ||   107
       Headbutt          |    10 |    16 ||    26
       Trident           |       |   115 ||   115
Invok: Berserk           |     1 |     1 ||     2
 Stab: Sleeping          |     2 |     2 ||     4
  Eat: Chunk             |       |     7 ||     7
Armor: Animal skin       |    10 |       ||    10
       Leather armour    |       |    20 ||    20
Dodge: Dodged            |    38 |    63 ||   101
